Map: Proxima Station LE

Players

GuMiho

  • Race: Terran Terran
  • Spawn Location: 1:00

INnoVation - Winner!

  • Race: Terran Terran
  • Spawn Location: 7:00

Event: IEM XI Katowice - World Championship 2017

VOD

Have the link to the VOD?

Description

Time

  • Played on: March 3, 2017, 3:14 p.m.
  • Length: 10:33

All games in this series

Show
View Real Time Build Order
Export as new Build Order

GuMiho Terran 

Build Orders: Command Center First (CC), Bio Tank 

Get SALT Encoding   

  12  0:00  SCV  
  13  0:12  SCV  
  14  0:17  Supply Depot  
  14  0:24  SCV  
  15  0:39  SCV  
  16  0:51  SCV  
  17  1:00  Command Center  
  17  1:03  SCV  
  18  1:15  Barracks  
  18  1:18  SCV  
  18  1:24  Refinery  
  19  1:31  SCV  
  20  1:33  Refinery  
  20  1:43  SCV  
  21  1:55  SCV  
  22  2:03  Reaper  
  23  2:08  Orbital Command  
  23  2:12  Orbital Command  
  22  2:23  Factory  
  22  2:34  SCV  
  22  2:35  Barracks Reactor  
  23  2:38  SCV  
  24  2:46  SCV  
  24  2:50  SCV  
  26  2:53  Supply Depot  
  26  2:58  SCV  
  27  3:02  SCV  
  28  3:07  Cyclone  
  28  3:09  Starport  
  28  3:10  SCV  
  32  3:14  SCV  
  32  3:15  Marine x2  
  35  3:22  SCV  
  35  3:26  Supply Depot, SCV  
  37  3:33  Marine x2  
  39  3:34  SCV  
  39  3:39  SCV, Cyclone  
  44  3:47  Viking  
  44  3:48  SCV  
  47  3:51  Marine x2, SCV  
  47  3:54  Supply Depot  
  50  4:00  SCV  
  50  4:01  Supply Depot  
  50  4:03  SCV  
  50  4:08  Marine  
  50  4:09  Marine  
  53  4:13  Factory Tech Lab  
  53  4:15  Command Center  
  53  4:16  SCV x2  
  55  4:21  Viking  
  57  4:28  Marine x2, SCV x2  
  61  4:32  Supply Depot  
  61  4:36  Siege Tank  
  64  4:40  SCV  
  64  4:41  SCV  
  64  4:43  Engineering Bay  
  66  4:46  Marine x2  
  66  4:48  Engineering Bay  
  68  4:55  Starport Tech Lab, Refinery  
  68  4:56  Refinery, SCV  
  68  4:58  SCV  
  70  5:01  Supply Depot  
  71  5:08  Siege Tank  
  71  5:12  SCV x2  
  76  5:19  Terran Infantry Weapons Level 1  
  73  5:24  SCV x2  
  73  5:27  Starport Reactor  
  75  5:28  Orbital Command  
  75  5:30  Terran Infantry Armor Level 1, Barracks  
  75  5:36  Barracks  
  75  5:38  Barracks  
  75  5:40  Stimpack, Barracks  
  75  5:43  SCV x2  
  77  5:51  Supply Depot  
  77  5:54  Marine  
  77  5:55  Siege Tank, SCV  
  77  5:56  SCV  
  84  6:08  SCV x2  
  84  6:09  Supply Depot, Orbital Command  
  84  6:11  Medivac x2  
  89  6:12  Marine  
  89  6:18  Supply Depot  
  90  6:21  Marine x2  
  90  6:23  SCV x2  
  91  6:28  Refinery, Barracks Reactor  
  91  6:29  Marine, Refinery, Barracks Reactor x2  
  92  6:35  SCV x2  
  92  6:39  Marine x2  
  96  6:45  Medivac x2  
  99  6:47  Marine  
  92  6:55  SCV x2  
  92  6:57  Marine x2  
  92  6:58  SCV  
  97  7:05  Marine  
  97  7:06  Marine  
  97  7:07  SCV  
  97  7:08  Marine x4  
  86  7:11  Marine  
  86  7:13  Siege Tank  
  86  7:14  SCV x2  
  86  7:15  Marine x2, Viking  
  83  7:19  Armory  
  83  7:21  Viking  
  85  7:23  Marine  
  85  7:24  Marine  
  85  7:26  Marine x2  
  85  7:28  Marine x2  
  85  7:29  Marine  
  92  7:30  SCV x2  
  92  7:31  SCV  
  92  7:35  Marine  
  92  7:36  Marine  
  97  7:41  Marine x2  
  97  7:42  SCV  
  97  7:43  Marine x2, Combat Shields, SCV x2  
  104  7:47  Siege Tank  
  104  7:50  Supply Depot  
  107  7:55  SCV x2  
  107  7:56  SCV  
  110  8:07  Marine x2, SCV  
  110  8:08  Marine, Terran Infantry Armor Level 2, Terran Infantry Weapons Level 2  
  110  8:09  Marine x3  
  110  8:10  Marine x2  
  110  8:11  Marine  
  119  8:18  SCV x2  
  119  8:20  Siege Tank  
  119  8:21  Medivac  
  119  8:22  Medivac  
  119  8:25  Marine x3, SCV  
  130  8:29  Supply Depot  
  130  8:30  Supply Depot, SCV  
  131  8:35  Marine x2  
  131  8:39  Supply Depot  
  133  8:41  Supply Depot, Command Center  
  133  8:43  Supply Depot  
  133  8:48  Sensor Tower  
  133  8:50  Marine x2  
  133  8:54  Factory  
  135  8:57  Marine x7  
  135  8:59  Siege Tank  
  135  9:01  Medivac x2  
  149  9:08  Marine x2  
  151  9:14  Marine  
  151  9:15  Marine x6  
  158  9:19  Sensor Tower  
  158  9:26  Marine x2  
  158  9:31  Medivac  
  154  9:32  Marine  
  154  9:33  Marine x6  
  111  9:43  Marine x2  
  97  9:50  Marine x7  
  100  9:58  Siege Tank  
  97  10:01  Marine x2, SCV, Supply Depot  
  97  10:02  Supply Depot  
  106  10:08  Marine x7  
Show
View Real Time Build Order
Export as new Build Order

INnoVation Terran - Winner!

Build Orders: Reaper Expand, Bio Tank 

Get SALT Encoding   

  12  0:00  SCV  
  13  0:12  SCV  
  14  0:17  Supply Depot  
  14  0:24  SCV  
  14  0:27  Refinery  
  15  0:39  SCV  
  16  0:44  Barracks  
  16  0:51  SCV  
  17  1:03  SCV  
  18  1:15  SCV  
  19  1:31  Reaper, Orbital Command  
  20  1:47  Command Center  
  20  1:57  Factory  
  20  2:00  SCV  
  21  2:05  Barracks Reactor  
  21  2:13  SCV  
  22  2:16  Supply Depot  
  22  2:19  Refinery  
  22  2:25  SCV  
  23  2:38  SCV  
  23  2:42  Marine, Starport  
  23  2:43  Marine  
  26  2:48  Factory Tech Lab  
  26  2:50  SCV  
  27  3:00  Marine  
  27  3:01  Marine  
  27  3:02  SCV  
  30  3:06  Orbital Command  
  30  3:14  SCV  
  31  3:24  Marine x2  
  31  3:25  Raven  
  31  3:26  SCV  
  35  3:31  SCV  
  35  3:34  Supply Depot  
  36  3:37  Refinery  
  36  3:38  SCV  
  37  3:42  Marine x2  
  37  3:44  SCV  
  40  3:50  SCV  
  41  3:57  Supply Depot  
  41  3:58  SCV  
  41  3:59  Marine  
  41  4:00  Marine  
  44  4:02  SCV  
  44  4:07  Factory Tech Lab  
  44  4:08  Raven  
  47  4:13  Command Center  
  47  4:16  SCV  
  48  4:17  SCV  
  48  4:22  Marine x2  
  51  4:26  Siege Tank  
  51  4:29  SCV x2  
  56  4:35  Supply Depot  
  56  4:39  Refinery  
  56  4:41  SCV x2  
  58  4:53  SCV  
  58  4:54  SCV  
  58  4:57  Supply Depot  
  58  4:58  Siege Tank  
  58  4:59  Marine  
  64  5:01  Stimpack  
  64  5:05  SCV  
  64  5:06  SCV  
  66  5:08  Viking  
  66  5:09  Viking  
  70  5:18  Marine, SCV x2  
  71  5:25  Orbital Command  
  71  5:30  Siege Tank, SCV x2  
  76  5:36  Marine  
  76  5:41  Barracks  
  76  5:42  SCV x2, Barracks  
  79  5:47  Orbital Command  
  79  5:48  Engineering Bay  
  79  5:50  Engineering Bay  
  79  5:54  SCV x2  
  79  5:56  Marine  
  81  6:02  Siege Tank  
  83  6:06  SCV x2  
  83  6:07  Viking  
  83  6:09  Supply Depot  
  87  6:15  SCV  
  88  6:18  SCV x2  
  88  6:23  Marine  
  88  6:25  Terran Infantry Armor Level 1, Terran Infantry Weapons Level 1  
  90  6:30  Barracks Reactor x2  
  90  6:31  Barracks  
  90  6:32  SCV, Barracks  
  91  6:33  SCV x2  
  91  6:37  Supply Depot  
  93  6:42  Refinery  
  93  6:44  Refinery, SCV  
  93  6:45  SCV x2  
  95  6:50  Siege Tank  
  98  6:56  Marine  
  98  6:57  SCV x2  
  98  6:59  Supply Depot, SCV  
  94  7:09  Marine x4, SCV x2  
  94  7:11  SCV, Medivac x2  
  94  7:14  Marine  
  103  7:17  Combat Shields, Barracks Reactor  
  103  7:18  Barracks Reactor  
  103  7:21  Armory, SCV x2  
  108  7:22  Siege Tank  
  108  7:23  SCV  
  108  7:24  Supply Depot  
  108  7:26  Marine  
  108  7:27  Marine x3  
  113  7:32  Marine  
  113  7:33  Supply Depot  
  114  7:41  Medivac  
  116  7:44  Marine  
  116  7:45  Marine, Medivac  
  116  7:47  Supply Depot, Sensor Tower  
  116  7:48  Supply Depot  
  116  7:51  Marine x3  
  121  7:55  Marine x3, Siege Tank  
  121  7:57  Marine  
  130  8:02  Supply Depot  
  129  8:06  Marine x2  
  129  8:08  Marine  
  129  8:09  Marine x2  
  129  8:10  Supply Depot  
  134  8:17  Medivac  
  134  8:18  Marine, Medivac  
  134  8:19  Marine x3  
  137  8:23  Marine x2  
  137  8:26  Marine  
  139  8:27  Siege Tank  
  139  8:32  Missile Turret  
  139  8:33  Marine x2  
  142  8:36  Marine x4  
  142  8:37  Terran Vehicle Weapons Level 1  
  142  8:38  Supply Depot  
  146  8:41  Marine  
  146  8:47  Medivac  
  146  8:48  Medivac  
  151  8:52  Marine x4  
  151  8:54  Marine x2  
  157  8:57  Factory  
  157  8:59  Siege Tank  
  157  9:00  Marine x3  
  163  9:07  Supply Depot  
  163  9:10  Marine x3  
  163  9:12  Command Center  
  160  9:24  Medivac x2  
  160  9:25  Marine x6  
  167  9:31  Siege Tank  
  167  9:35  Marine x3  
  144  9:46  Marine, Factory Tech Lab  
  144  9:47  Marine  
  140  9:54  SCV x3  
  140  9:56  Marine, Medivac x2  
  140  9:57  Marine x6  
  143  10:04  Marine x2  
  143  10:06  SCV x3  
  153  10:14  Marine x4  
  153  10:21  Barracks  
  159  10:24  Barracks  

Tags
 
Add a new tag
Caveats
  • Supply blocks, unpowered buildings, or Contaminate may cause inaccurate times.
  • Supply counts are checked every 10 seconds.